 Seeded DCSS version 0.30.1-9-gdf580d7c3d (webtiles) character file.

Game seed: 6351066067085065685 (custom seed)

1412 Esekla the Thaumaturge (level 8, -1/41 HPs)
             Began as a Deep Elf Wanderer on Oct 21, 2023.
             Was a Believer of Vehumet.
             Slain by a wyvern (18 damage)
             ... on level 7 of the Dungeon.
             The game lasted 00:39:22 (5009 turns).

Esekla the Thaumaturge (Deep Elf Wanderer)          Turns: 5009, Time: 00:39:23

Health: -1/41      AC:  5    Str: 11    XL:     8   Next: 43%
Magic:  22/24      EV: 13    Int: 21    God:    Vehumet [**....]
Gold:   356        SH:  4    Dex: 14    Spells: 17/27 levels left

rFire   . . .        s - +5 rapier of the Hero {heavy, rN+ Dex+3}
rCold   . . .        d - +0 buckler
rNeg    + . .        c - +0 robe
rPois   .            l - +0 helmet
rElec   .            D - +0 cloak
rCorr   .            k - +0 pair of gloves
SInv    .            (no boots)
Will    .....        z - amulet of magic regeneration
Stlth   ++           (no ring)
HPRegen 0.26/turn    (no ring)
MPRegen 0.59/turn

%: no passive effects
@: no status effects
A: no striking features
a: Renounce Religion


You were on level 7 of the Dungeon.
You worshipped Vehumet.
Vehumet was pleased with you.
You visited 1 branch of the dungeon, and saw 7 of its levels.

You collected 356 gold pieces.

Inventory:

Hand Weapons
 a - a +2 vampiric dagger
 r - a +0 trident
 s - the +5 rapier of the Hero (weapon) {heavy, rN+ Dex+3}
   (You found it on level 3 of the Dungeon)

   Dex:       It affects your dexterity (+3).
   rN:        It protects you from negative energy.
Missiles
 v - 20 poisoned darts (quivered)
Armour
 c - a +0 robe (worn)
 d - a +0 buckler (worn)
 k - a +0 pair of gloves (worn)
 l - a +0 helmet (worn)
 D - a +0 cloak (worn)
Jewellery
 z - an amulet of magic regeneration (around neck)
Wands
 q - a wand of roots (16)
 A - a wand of flame (15)
Scrolls
 g - 8 scrolls of identify {unknown}
 n - a scroll of enchant armour {unknown}
 o - 2 scrolls of amnesia {unknown}
 p - a scroll of immolation {unknown}
 t - 2 scrolls of fog {unknown}
 w - 3 scrolls of enchant weapon {unknown}
 x - a scroll of silence {unknown}
 y - a scroll of magic mapping {unknown}
 B - 2 scrolls of fear
 C - a scroll of summoning {unknown}
 E - a scroll of poison {unknown}
Potions
 b - 2 potions of lignification
 e - 2 potions of ambrosia {unknown}
 f - 3 potions of attraction {unknown}
 h - 2 potions of heal wounds {unknown}
 i - a potion of haste {unknown}
 j - 5 potions of curing
 m - a potion of mutation {unknown}
 u - 3 potions of brilliance {unknown}


   Skills:
 + Level 1.7 Short Blades
 + Level 1.2 Throwing
 * Level 4.4 Dodging
 + Level 2.1 Stealth
 + Level 1.7 Shields
 * Level 10.1 Spellcasting
 + Level 1.5 Conjurations
 * Level 5.6 Necromancy
 + Level 3.5 Translocations
 + Level 1.0 Invocations


You had 17 spell levels left.
You knew the following spells:

 Your Spells              Type           Power      Damage    Failure   Level
a - Magic Dart            Conj           68%        1d6       4%          1
b - Blink                 Tloc           50%        N/A       3%          2
d - Vampiric Draining     Necr           34%        2d8       2%          3
n - Ignite Poison         Fire/Tmut/Pois 10%        N/A       28%         3
p - Apportation           Tloc           50%        N/A       2%          1

Your spell library contained the following spells:

 Spells                   Type           Power      Damage    Failure   Level
 Foxfire                  Conj/Fire      56%        2x1d6     7%          1
 Lesser Beckoning         Tloc           50%        N/A       3%          2
 Gell's Gravitas          Tloc           25%        N/A       6%          3
 Teleport Other           Tloc           25%        N/A       6%          3
 Spider Form              Tmut/Pois      10%        N/A       28%         3
 Cause Fear               Hex            5%         N/A       67%         4
 Summon Mana Viper        Hex/Summ       10%        N/A       95%         5


Dungeon Overview and Level Annotations

Branches:
Dungeon (7/15)             Temple (0/1) D:6

Altars:
Dithmenos
Fedhas
Hepliaklqana
Okawaru
Qazlal
Trog
Vehumet
Zin
The Shining One

Shops:
D:2 =   D:4 (


Message History

Aiming: Vampiric Draining (dangerous; 2% risk of failure)
Press: ? - help, Shift-Dir - straight line You draw life force from something!
You feel life coursing into your body. Something hits you.
Casting: Vampiric Draining (dangerous; 2% risk of failure)
Confirm with . or Enter, or press ? or * to list all spells.
Aiming: Vampiric Draining (dangerous; 2% risk of failure)
Press: ? - help, Shift-Dir - straight line You draw life force from something!
Vehumet accepts your kill.
Reactivating autopickup.
You feel a bit more experienced.
You feel life coursing into your body.
Found 7 gold pieces.
Things that are here:
a +0 hand axe; a +0 trident You now have 356 gold pieces (gained 7).
Things that are here:
a +0 hand axe; a +0 trident
E - a scroll labelled OVUGHE LOEQ
Things that are here:
a +0 short sword; a +0 leather armour; an orc corpse
Things that are here:
a +0 dagger; a +0 robe
Things that are here:
a +0 short sword; an orc corpse A wyvern comes into view.
The wyvern hisses angrily.
You barely miss the wyvern. The wyvern barely misses you.
The wyvern closely misses you.
You hit the wyvern.
The wyvern is lightly wounded.
The wyvern barely misses you. The wyvern bites you! x2
Casting: Vampiric Draining (dangerous; 2% risk of failure)
Confirm with . or Enter, or press ? or * to list all spells.
Aiming: Vampiric Draining (dangerous; 2% risk of failure)
Press: ? - help, Shift-Dir - straight line, f - wyvern
Aim: a wyvern (lightly wounded)
You draw life force from the wyvern!
You feel life coursing into your body. The wyvern bites you!
The wyvern bites you!!
You die...

#.#...).).#...........
#.###+###.'...........
#.# ##.#.....###+##
#.# .#.......# #.#
.###....## #.# .#
#....# #.# .# #....#
#.#####l# ######
#.....@.# #########


You could see a wyvern.

Vanquished Creatures
  An ice beast (D:6)
  A sky beast (D:6)
  2 black bears
  An ogre (D:5)
  Blork the orc (D:6)
  A kobold brigand (D:6)
  2 scorpions (D:5)
  A gnoll bouda (D:5)
  5 hounds
  A jelly (D:6)
  Crazy Yiuf (D:7)
  A sleepcap (D:5)
  4 iguanas
  An orc wizard (D:7)
  12 gnolls
  8 adders
  3 white imps
  An ufetubus (D:6)
  A worm (D:5)
  3 dart slugs
  15 orcs
  4 endoplasms
  8 goblins
  5 hobgoblins
  A quokka (D:1)
  6 ball pythons
  3 bats
  4 frilled lizards
  12 kobolds
  A rat (D:1)
110 creatures vanquished.

Notes
Turn   | Place    | Note
-------+----------+-------------------------------------------
     0 | D:1      | Esekla the Deep Elf Wanderer began the quest for the Orb.
     0 | D:1      | Esekla set off with the following items: a +0 club, a
                  | potion of lignification, a +0 robe, a +0 buckler; and the
                  | following spells available to memorise: Apportation, Blink,
                  | Lesser Beckoning, Magic Dart, Ignite Poison, Vampiric
                  | Draining.
     0 | D:1      | Reached XP level 1. HP: 10/10 MP: 7/7
     2 | D:1      | Learned a level 1 spell: Magic Dart
     4 | D:1      | Learned a level 1 spell: Apportation
   301 | D:2      | Found Renulab's Jewellery Shop.
   499 | D:4      | Found a radiant altar of Vehumet.
   507 | D:4      | Found an iron altar of Okawaru.
   518 | D:4      | Found a glowing silver altar of Zin.
   600 | D:4      | Became a worshipper of Vehumet
   823 | D:3      | Reached XP level 2. HP: 15/15 MP: 9/9
   826 | D:3      | Learned a level 2 spell: Blink
   930 | D:3      | Reached skill level 5 in Spellcasting
  1083 | D:3      | Identified the +5 rapier of the Hero {heavy, rN+ Dex+3}
  1257 | D:2      | Noticed a black bear
  1274 | D:1      | Reached XP level 3. HP: 19/19 MP: 11/11
  1596 | D:1      | Reached * piety under Vehumet
  1596 | D:1      | Offered knowledge of Shock by Vehumet.
  1658 | D:2      | Reached skill level 1 in Dodging
  1658 | D:2      | Reached skill level 1 in Necromancy
  1658 | D:2      | Reached XP level 4. HP: 24/24 MP: 13/13
  1662 | D:2      | Learned a level 3 spell: Vampiric Draining
  1679 | D:2      | Found a faded altar of an unknown god.
  1716 | D:2      | Reached skill level 6 in Spellcasting
  1729 | D:2      | Reached skill level 1 in Conjurations
  2318 | D:3      | Found a stormy altar of Qazlal.
  2338 | D:3      | Reached XP level 5. HP: 24/28 MP: 7/15
  2347 | D:3      | Found a hazy altar of Hepliaklqana.
  2347 | D:3      | Found a bloodstained altar of Trog.
  2521 | D:4      | Found Ponaysk's Antique Weapon Boutique.
  2682 | D:5      | Entered Level 5 of the Dungeon
  2684 | D:5      | Reached skill level 1 in Short Blades
  2690 | D:5      | Got the Parchment of the Lumpy Olives
  2719 | D:5      | Found a shadowy altar of Dithmenos.
  2878 | D:5      | Reached skill level 7 in Spellcasting
  2878 | D:5      | Reached XP level 6. HP: 23/32 MP: 14/18
  3205 | D:6      | Noticed an ice beast
  3680 | D:4      | Found a glowing golden altar of the Shining One.
  3779 | D:2      | Reached skill level 8 in Spellcasting
  3779 | D:2      | Reached XP level 7. HP: 32/36 MP: 17/20
  4065 | D:5      | Offered knowledge of Foxfire by Vehumet.
  4176 | D:5      | Reached ** piety under Vehumet
  4310 | D:6      | Reached skill level 1 in Throwing
  4310 | D:6      | Reached skill level 9 in Spellcasting
  4525 | D:6      | Found a blossoming altar of Fedhas.
  4553 | D:6      | Reached XP level 8. HP: 34/41 MP: 12/23
  4562 | D:6      | Reached skill level 5 in Necromancy
  4683 | D:6      | Found a staircase to the Ecumenical Temple.
  4792 | D:6      | Noticed Blork the orc
  4801 | D:6      | Killed Blork the orc
  4818 | D:6      | Learned a level 3 spell: Ignite Poison
  4832 | D:6      | Reached skill level 10 in Spellcasting
  4903 | D:7      | Found a runed translucent door.
  4904 | D:7      | Noticed Crazy Yiuf
  4913 | D:7      | Killed Crazy Yiuf
  5009 | D:7      | Slain by a wyvern

Illustrated notes

Levels and vault maps discovered:
D:1:      sevenhm_arrival_forest_fort_small_3, layout_rooms,
          chequers_serial_rivers_room_b, minmay_misc_feat_five
D:2:      layout_loops_ring, dreamdust_ecumenical_altar_angels_and_demons,
          serial_shops, shop
D:3:      layout_basic, grunt_temple_overflow_open, minmay_misc_feat_iff
D:4:      layout_basic, nicolae_overflow_quartered_altars, serial_shops,
          nicolae_diamond_shop
D:5:      layout_loops_ring, lemuel_doored_altar, minmay_misc_feat_rows,
          dreamdust_wishing_well
D:6:      layout_loops_cross, fedhas_altar_fruit_tree,
          minmay_temple_entry_glass, uniq_pikel, uniq_blork_the_orc
D:7:      layout_basic, uniq_menkaure, uniq_joseph, uniq_crazy_yiuf_cottage

Skill      XL: |  1  2  3  4  5  6  7  8 |
---------------+-------------------------+-----
Spellcasting   | 5 6 7 8 9 10 | 10.1
Dodging        | 1 3 4 |  4.4
Necromancy     | 1 3 4 5 |  5.6
Conjurations   | 1 |  1.5
Short Blades   | 1 |  1.7
Translocations | 3 |  3.5
Stealth        | 2 |  2.1
Throwing       | 1 |  1.2
Shields        | |  1.7
Invocations    | |  1.0

Action                     |  1- 3 |  4- 6 |  7- 9 || total
---------------------------+-------+-------+-------++-------
  Melee: Short sword       |    16 |       |       ||    16
         Rapier            |    42 |    44 |    38 ||   124
         Dagger            |       |       |    28 ||    28
  Throw: Dart              |       |    26 |    27 ||    53
   Cast: Magic Dart        |    44 |    38 |    12 ||    94
         Apportation       |    21 |    13 |     5 ||    39
         Vampiric Draining |       |    23 |    38 ||    61
         Blink             |       |     8 |     1 ||     9
    Use: Scroll            |     1 |       |       ||     1
         Potion            |       |       |     1 ||     1
   Stab: Sleeping          |     2 |     3 |     1 ||     6
 Armour: Robe              |    31 |    16 |    22 ||    69
  Dodge: Dodged            |    37 |    48 |    61 ||   146
  Block: Buckler           |    21 |    18 |     8 ||    47
